[Event "29th CRO-chT Junior 2020"]
[Site "Cakovec"]
[Date "2020.07.17"]
[Round "7.19"]
[White "Vuk, Sebastijan"]
[Black "Tomljanovic, Ivano"]
[Result "1-0"]
[ECO "C55"]
[WhiteElo "1382"]
[BlackElo "1393"]
[Annotator "NA RC"]
[PlyCount "51"]
[EventDate "2020.07.14"]
[EventType "team-tourn"]
[EventCountry "CRO"]
[SourceTitle "playchess.com"]
[Source "ChessBase"]
[SourceQuality "1"]
[TimeControl "5400+30"]

1. e4 e5 2. Nf3 Nc6 3. Bb5 d6 4. Bxc6+ bxc6 5. Nc3 Nf6 6. d3 Be7 7. h3 O-O 8. O-O Be6 9. Bg5 h6 10. Bh4 Qd7 11. Nd2 Bxh3 12. gxh3 Qxh3 13. Bxf6 gxf6 14. Qf3 Qe6 15. Kh2 Kh7 16. Rg1 Rg8 17. Ne2 Rg6 18. Ng3 Rag8 19. Nf5 Bd8 20. Qe3 Qe8 21. Qxa7 Rg5 22. Rxg5 Rxg5 23. Nf3 Rg4 24. Qe3 Rg6 25. N3h4 Rg5 26. a4 1-0

[Event "29th CRO-chT Junior 2020"]
[Site "Cakovec"]
[Date "2020.07.17"]
[Round "7.20"]
[White "Kresic, Vid"]
[Black "Kristofic, Dino"]
[Result "1-0"]
[ECO "D02"]
[WhiteElo "1216"]
[BlackElo "1290"]
[Annotator "NA RC"]
[PlyCount "43"]
[EventDate "2020.07.14"]
[EventType "team-tourn"]
[EventCountry "CRO"]
[SourceTitle "playchess.com"]
[Source "ChessBase"]
[SourceQuality "1"]
[TimeControl "5400+30"]

1. d4 d5 2. Nf3 Nf6 3. Bf4 Bf5 4. e3 Nbd7 5. Nbd2 e6 6. Be2 Rc8 7. c4 c6 8. Qb3 b6 9. O-O c5 10. cxd5 exd5 11. Ba6 Rc6 12. Bb7 Re6 13. Bxd5 Nxd5 14. Qxd5 Bg6 15. Ng5 Rf6 16. Nde4 Bxe4 17. Nxe4 Rg6 18. Rfd1 Be7 19. dxc5 bxc5 20. Nd6+ Bxd6 21. Bxd6 Rg5 22. Qe4+ 1-0

[Event "29th CRO-chT Junior 2020"]
[Site "Cakovec"]
[Date "2020.07.17"]
[Round "8.3"]
[White "Borzan, Andrej"]
[Black "Vuk, Sebastijan"]
[Result "1-0"]
[ECO "E91"]
[WhiteElo "1983"]
[BlackElo "1382"]
[Annotator "NA"]
[PlyCount "71"]
[EventDate "2020.07.14"]
[EventType "team-tourn"]
[EventCountry "CRO"]
[SourceTitle "playchess.com"]
[Source "ChessBase"]
[SourceQuality "1"]
[TimeControl "5400+30"]

1. d4 Nf6 2. Nf3 g6 3. c4 d6 4. Nc3 Bg7 5. e4 O-O 6. Be3 Bg4 7. Be2 Nc6 8. h3 {[%emt 0:01:30] E91: King's Indian: Classical: 6 Be2, unusual replies including 6...c5 and 6...Bg4.} Bxf3 $1 9. Bxf3 Nd7 10. h4 {[%emt 0:04:30] [#]} f5 $146 ({Predecessor:} 10... e5 11. d5 Nd4 12. h5 c5 13. g4 Bf6 14. Bg2 Bg5 15. Qd2 Bf4 16. Bxf4 exf4 17. Qxf4 {0-1 (35) Andrejic,V (2268)-Stojanovic,D (2499) Kragujevac 2015}) 11. exf5 Rxf5 $2 ({Better is} 11... gxf5 $14 12. h5 Kh8) 12. Be4 Rf8 13. h5 g5 14. h6 Bf6 15. Qd3 Nb4 16. Bxh7+ Kh8 17. Qg6 Rg8 18. Bxg8 Qxg8 19. Qxg8+ Rxg8 20. O-O-O a6 21. a3 Nc6 22. Nd5 Na5 23. Nxf6 Nxf6 $18 24. c5 Nd5 25. Rh3 Nc4 26. Rf3 Nf6 27. Bd2 Nxd2 28. Rxd2 Re8 29. Re2 Nd5 30. Rf7 Rg8 31. Re6 g4 32. Kd2 b6 33. cxb6 cxb6 34. Kd3 b5 35. Rf5 g3 36. f3 1-0

[Event "29th CRO-chT Junior 2020"]
[Site "Cakovec"]
[Date "2020.07.17"]
[Round "8.4"]
[White "Kristofic, Dino"]
[Black "Poljan, Max"]
[Result "0-1"]
[ECO "B40"]
[WhiteElo "1290"]
[BlackElo "1618"]
[Annotator "NA RC"]
[PlyCount "74"]
[EventDate "2020.07.14"]
[EventType "team-tourn"]
[EventCountry "CRO"]
[SourceTitle "playchess.com"]
[Source "ChessBase"]
[SourceQuality "1"]
[TimeControl "5400+30"]

1. e4 c5 2. Nf3 e6 3. d4 cxd4 4. Nxd4 a6 5. Be3 Nf6 6. Nc3 b5 7. Bd3 Bb7 8. Bg5 Be7 9. Bxf6 Bxf6 10. Nf3 Qc7 11. Qd2 O-O 12. O-O Bxc3 13. bxc3 Rc8 14. a4 Qxc3 15. axb5 axb5 16. Rxa8 Bxa8 17. Rb1 Qxd2 18. Nxd2 b4 19. Rxb4 Nc6 20. Ra4 Ne5 21. Be2 g5 22. g3 Ng6 23. f3 Kg7 24. c4 Rb8 25. Kf2 Bc6 26. Ra5 h6 27. Ke3 Ne7 28. Bd1 Rb4 29. Be2 f5 30. Bd3 Kf6 31. h3 Rb2 32. h4 f4+ 33. gxf4 gxf4+ 34. Ke2 Ng6 35. Rh5 Kg7 36. Ke1 e5 37. c5 Ra2 0-1

[Event "29th CRO-chT Junior 2020"]
[Site "Cakovec"]
[Date "2020.07.17"]
[Round "8.6"]
[White "Radenic, Filip"]
[Black "Dumancic, Simun"]
[Result "1-0"]
[ECO "A16"]
[WhiteElo "2134"]
[BlackElo "1896"]
[Annotator "ChessBase"]
[PlyCount "63"]
[EventDate "2020.07.14"]
[EventType "team-tourn"]
[EventCountry "CRO"]
[SourceTitle "playchess.com"]
[Source "ChessBase"]
[SourceQuality "1"]
[TimeControl "5400+30"]

1. c4 Nf6 2. Nf3 g6 3. Nc3 d5 4. cxd5 Nxd5 5. Qa4+ Nc6 6. Ne5 Nxc3 7. dxc3 Bd7 8. Nxd7 Qxd7 9. e4 Ne5 10. Qxd7+ Nxd7 11. Bf4 e5 12. Be3 Bc5 13. Bh6 Bf8 14. Bd2 Nc5 15. f3 O-O-O 16. Bg5 Rd6 17. Rd1 Rxd1+ 18. Kxd1 Bg7 19. Bc4 f6 20. Be3 Na4 21. Kc2 Nb6 22. Be6+ Kb8 23. Rd1 Re8 24. Bxb6 cxb6 25. Rd7 Bf8 26. Bd5 Kc8 27. Rxh7 g5 28. Bxb7+ Kb8 29. Bd5 Re7 30. Rh8 Re8 31. g3 a5 32. h4 1-0

[Event "29th CRO-chT Junior 2020"]
[Site "Cakovec"]
[Date "2020.07.17"]
[Round "8.7"]
[White "Sagovac, Kristijan"]
[Black "Troselj, Ivan"]
[Result "0-1"]
[ECO "C59"]
[WhiteElo "1839"]
[BlackElo "1857"]
[Annotator "NA RC"]
[PlyCount "42"]
[EventDate "2020.07.14"]
[EventType "team-tourn"]
[EventCountry "CRO"]
[SourceTitle "playchess.com"]
[Source "ChessBase"]
[SourceQuality "1"]
[TimeControl "5400+30"]

1. e4 e5 2. Nf3 Nc6 3. Bc4 Nf6 4. Ng5 d5 5. exd5 Na5 6. Bb5+ c6 7. dxc6 bxc6 8. Be2 h6 9. Nf3 e4 10. Ne5 Bc5 11. O-O Qd6 12. Ng4 Bxg4 13. Bxg4 h5 14. Be2 Ng4 $1 15. g3 {[%emt 0:00:30] [#]} (15. Bxg4 $11 hxg4 16. g3) 15... Nxh2 $1 16. Kxh2 {[%emt 0:07:30] [#]} ({White should try} 16. d4 $1 $15 exd3 17. Bf4) 16... h4 (16... Bxf2 $1 $19 {and Black stays clearly on top.} 17. Rxf2 h4) 17. Kg2 Bxf2 $15 ({Don't blunder} 17... hxg3 $2 18. fxg3 g6 {[#]} 19. d4 $1 $18 ) 18. Rh1 $2 ({Wrong is} 18. Rxf2 $2 hxg3 19. Qg1 gxf2 $19) (18. Bg4 $17) 18... Qxg3+ 19. Kf1 h3 20. Bg4 Qg2+ 21. Ke2 Bd4+ 0-1

[Event "29th CRO-chT Junior 2020"]
[Site "Cakovec"]
[Date "2020.07.17"]
[Round "8.8"]
[White "Zekic, Patrik"]
[Black "Martic, Filip"]
[Result "1-0"]
[ECO "A57"]
[WhiteElo "1699"]
[BlackElo "1656"]
[Annotator "NA RC"]
[PlyCount "149"]
[EventDate "2020.07.14"]
[EventType "team-tourn"]
[EventCountry "CRO"]
[SourceTitle "playchess.com"]
[Source "ChessBase"]
[SourceQuality "1"]
[TimeControl "5400+30"]

1. d4 Nf6 2. c4 c5 3. d5 b5 4. cxb5 a6 5. b6 g6 6. Nc3 d6 7. e4 Nbd7 8. Nf3 Bg7 9. a4 a5 10. Bb5 O-O 11. Qe2 Nxb6 12. h3 e6 13. dxe6 Bxe6 14. O-O Qc7 15. Bf4 Rfd8 16. Rac1 Nh5 17. Bg5 Bf6 18. Be3 Be7 19. Qc2 Qb7 20. Rfd1 Rac8 21. Ng5 Ng7 22. Qe2 Bb3 23. Ba6 Bxd1 24. Rxd1 Qc6 25. Bxc8 Rxc8 26. Qc2 Bxg5 27. Bxg5 Re8 28. Bf4 Rd8 29. Qb3 c4 30. Qb5 Qxb5 31. axb5 Ne8 32. Be3 Nd7 33. Ra1 Ra8 34. f4 Kf8 35. Ra4 Ke7 36. Rxc4 Kd8 37. Ra4 Nc7 38. b6 Ne6 39. b4 Rc8 40. Nd5 axb4 41. Rxb4 Nec5 42. Kh2 Rb8 43. g4 Rb7 44. Kg3 f6 45. Kf3 Ke8 46. Bd4 Kf7 47. h4 h6 48. g5 fxg5 49. fxg5 h5 50. Rb5 Rb8 51. Bxc5 dxc5 52. Ke3 Ke6 53. Rb1 Ne5 54. Nf4+ Kf7 55. Nd3 Nc4+ 56. Kf4 Rxb6 57. Rxb6 Nxb6 58. Nxc5 Nc8 59. Ke5 Ke7 60. Ne6 Nb6 61. Nf4 Nd7+ 62. Kd4 Kf7 63. Kd5 Nb6+ 64. Kc5 Nd7+ 65. Kd6 Nb6 66. e5 Nc4+ 67. Kd5 Ne3+ 68. Ke4 Nf5 69. e6+ Kg7 70. Ng2 Kf8 71. Kd5 Ke7 72. Ke5 Nd6 73. Nf4 Nc4+ 74. Kd4 Nb6 75. Nd5+ 1-0

[Event "29th CRO-chT Junior 2020"]
[Site "Cakovec"]
[Date "2020.07.17"]
[Round "8.9"]
[White "Muha, Miljenko"]
[Black "Levacic, Matej"]
[Result "1-0"]
[ECO "E42"]
[WhiteElo "2310"]
[BlackElo "2040"]
[Annotator "ChessBase"]
[PlyCount "97"]
[EventDate "2020.07.14"]
[EventType "team-tourn"]
[EventCountry "CRO"]
[SourceTitle "playchess.com"]
[Source "ChessBase"]
[SourceQuality "1"]
[TimeControl "5400+30"]

1. d4 Nf6 2. c4 e6 3. Nc3 Bb4 4. e3 b6 5. Nge2 c5 6. a3 Ba5 7. Rb1 Na6 8. g3 Bb7 9. d5 b5 10. Bg2 bxc4 11. O-O O-O 12. e4 exd5 13. exd5 d6 14. Qa4 Bxc3 15. Nxc3 Nc7 16. Bg5 h6 17. Bxf6 Qxf6 18. Rfe1 Qd8 19. Qxc4 Re8 20. Rxe8+ Qxe8 21. b4 Ba6 22. b5 Bb7 23. Qf4 Qd7 24. a4 Re8 25. h4 Re5 26. a5 a6 27. bxa6 Nxa6 28. Rb6 Nb4 29. Kh2 Bc8 30. Qc4 Nc2 31. Qb5 Qf5 32. Rb8 Ne1 33. Qb1 Qg4 34. Be4 g5 35. Qxe1 gxh4 36. Rxc8+ Qxc8 37. f4 Re8 38. gxh4 Qa6 39. Qg3+ Kf8 40. f5 Qf1 41. a6 Ke7 42. a7 Ra8 43. Qe3 Kd7 44. Bg2 Qc4 45. f6 Qxh4+ 46. Bh3+ Kc7 47. Qe7+ Kb6 48. Qxd6+ Kb7 49. Qc6+ 1-0

[Event "29th CRO-chT Junior 2020"]
[Site "Cakovec"]
[Date "2020.07.17"]
[Round "8.15"]
[White "Mandaric, Fran"]
[Black "Mahecic, Lovre"]
[Result "0-1"]
[ECO "C50"]
[WhiteElo "1671"]
[BlackElo "1949"]
[Annotator "ChessBase"]
[PlyCount "98"]
[EventDate "2020.07.14"]
[EventType "team-tourn"]
[EventCountry "CRO"]
[SourceTitle "playchess.com"]
[Source "ChessBase"]
[SourceQuality "1"]
[TimeControl "5400+30"]

1. e4 e5 2. Nf3 Nc6 3. Bc4 Bc5 4. O-O Nf6 5. d4 Bxd4 6. Nxd4 Nxd4 7. f4 d6 8. fxe5 dxe5 9. Bg5 Be6 10. Na3 Qe7 11. Kh1 O-O-O 12. Bxf6 gxf6 13. c3 Bxc4 14. Nxc4 Ne6 15. Qf3 Ng5 16. Qxf6 Qxf6 17. Rxf6 Nxe4 18. Rxf7 Nd6 19. Nxd6+ Rxd6 20. Re7 Rd2 21. Rxe5 Rxb2 22. h3 Rg8 23. g4 b6 24. Re7 h5 25. gxh5 Rg3 26. h4 Rh3+ 27. Kg1 Rxh4 28. Rh7 Rbh2 29. Rf1 Rxh5 30. Rxh5 Rxh5 31. Rf2 Kb7 32. Kf1 Re5 33. Re2 Rxe2 34. Kxe2 Kc6 35. Kd3 Kb5 36. Kc2 Kc4 37. Kb2 Kd3 38. Kb3 c5 39. c4 Kd4 40. a3 Kd3 41. Ka4 a6 42. Kb3 b5 43. cxb5 axb5 44. a4 bxa4+ 45. Kb2 Kd2 46. Kb1 c4 47. Kb2 c3+ 48. Kb1 c2+ 49. Ka2 Kc3 0-1

[Event "29th CRO-chT Junior 2020"]
[Site "Cakovec"]
[Date "2020.07.17"]
[Round "8.17"]
[White "Topalic, Fran"]
[Black "Cotic, Borna"]
[Result "0-1"]
[ECO "B44"]
[WhiteElo "1741"]
[BlackElo "2049"]
[Annotator "ChessBase"]
[PlyCount "94"]
[EventDate "2020.07.14"]
[EventType "team-tourn"]
[EventCountry "CRO"]
[SourceTitle "playchess.com"]
[Source "ChessBase"]
[SourceQuality "1"]
[TimeControl "5400+30"]

1. e4 c5 2. Nf3 e6 3. d4 cxd4 4. Nxd4 Nc6 5. c4 Nf6 6. Nc3 Bb4 7. f3 d5 8. Nxc6 bxc6 9. e5 Nd7 10. Qa4 Qa5 11. Bd2 Qxa4 12. Nxa4 Bxd2+ 13. Kxd2 Nxe5 14. cxd5 cxd5 15. f4 Ng6 16. g3 Bd7 17. Nc5 Ke7 18. Bd3 Rhc8 19. b4 Nf8 20. Rhe1 a5 21. a3 Rcb8 22. Kc3 Bb5 23. Reb1 Bxd3 24. Nxd3 axb4+ 25. axb4 Nd7 26. Nc5 Nxc5 27. bxc5 Rxa1 28. Rxa1 Rb5 29. Ra7+ Kf6 30. Rc7 g5 31. fxg5+ Kxg5 32. Rxf7 Rxc5+ 33. Kd3 h6 34. h4+ Kg4 35. Rg7+ Kf3 36. Rg6 e5 37. Rxh6 Kxg3 38. h5 Kf4 39. Rh8 Ra5 40. h6 Ra3+ 41. Kd2 Rh3 42. h7 Ke4 43. Kc2 d4 44. Kd2 Rh2+ 45. Kc1 d3 46. Kd1 Ke3 47. Kc1 e4 0-1

[Event "29th CRO-chT Junior 2020"]
[Site "Cakovec"]
[Date "2020.07.17"]
[Round "8.18"]
[White "Simunic, Krunoslav"]
[Black "Matota, Dominik"]
[Result "1-0"]
[ECO "E73"]
[WhiteElo "2047"]
[BlackElo "1807"]
[Annotator "ChessBase"]
[PlyCount "95"]
[EventDate "2020.07.14"]
[EventType "team-tourn"]
[EventCountry "CRO"]
[SourceTitle "playchess.com"]
[Source "ChessBase"]
[SourceQuality "1"]
[TimeControl "5400+30"]

1. d4 Nf6 2. c4 g6 3. Nc3 Bg7 4. e4 d6 5. Be2 O-O 6. Bg5 Nbd7 7. h3 e5 8. d5 a6 9. Nf3 Qe8 10. O-O Nh5 11. Ne1 Nf4 12. Nd3 Nxe2+ 13. Qxe2 f5 14. g3 fxe4 15. Qxe4 h6 16. Bd2 Nf6 17. Qg2 Bf5 18. Ne1 b5 19. g4 Bd7 20. b3 g5 21. Nc2 Qg6 22. Ne3 b4 23. Na4 Bxa4 24. bxa4 Rab8 25. Nf5 Rfe8 26. a5 Nh5 27. Rab1 e4 28. Rfe1 Nf6 29. Rxb4 Kh8 30. Reb1 Rxb4 31. Rxb4 Qf7 32. Bc3 Kh7 33. Rb7 Qd7 34. Qg3 Rd8 35. c5 Qc8 36. c6 Rf8 37. Nxg7 Kxg7 38. Qxd6 Kg6 39. Rxc7 Qb8 40. Qe7 Qb1+ 41. Kg2 Nxg4 42. Qg7+ Kh5 43. hxg4+ Kxg4 44. Qxf8 Qd3 45. Qc8+ Kh4 46. Qf5 Qxc3 47. Qxe4+ g4 48. Qe3 1-0

[Event "29th CRO-chT Junior 2020"]
[Site "Cakovec"]
[Date "2020.07.17"]
[Round "8.19"]
[White "Borzan, Matej"]
[Black "Baric, Marko"]
[Result "0-1"]
[ECO "E34"]
[WhiteElo "1746"]
[BlackElo "1831"]
[Annotator "NA"]
[PlyCount "118"]
[EventDate "2020.07.14"]
[EventType "team-tourn"]
[EventCountry "CRO"]
[SourceTitle "playchess.com"]
[Source "ChessBase"]
[SourceQuality "1"]
[TimeControl "5400+30"]

1. d4 Nf6 2. c4 e6 3. Nc3 Bb4 4. Qc2 d5 5. e3 c5 6. a3 {[%emt 0:00:30] E34: Nimzo-Indian: Classical: 4...d5.} Bxc3+ 7. bxc3 dxc4 8. Bxc4 Nbd7 9. Nf3 Qa5 10. Bd2 {[%emt 0:00:30] [#]} O-O $146 ({Predecessor:} 10... b5 11. Be2 c4 12. O-O Bb7 13. a4 Nb6 14. axb5 Qxb5 15. Ne5 O-O 16. Rfb1 Qd5 {1-0 (49) Hamedi Nia,V (1914)-Hakimifard,R (2111) Teheran 2017}) 11. O-O Nb6 12. Be2 c4 13. Ne5 Bd7 14. Nxc4 Nxc4 15. Bxc4 Rac8 16. Bd3 Ba4 17. Qb2 Bc6 18. Rfc1 Rfd8 19. f3 Qh5 20. e4 Nd7 21. c4 Nc5 22. Bc2 e5 23. d5 Bd7 24. Be3 b6 25. Bd1 Nd3 26. Qc3 Nxc1 27. Rxc1 Re8 28. a4 Qg6 29. Qb4 f5 30. Bc2 fxe4 31. fxe4 Bh3 32. g3 Qg4 33. Bd3 Rf8 34. Qd2 Rf7 35. c5 {[%emt 0:00:30] [#]} bxc5 $1 36. d6 Kh8 37. Bb5 $2 (37. Bxc5 $17 h6 38. Qe1) 37... Qxe4 38. d7 {[%emt 0:01:30] [#]} Bxd7 $1 39. Bxd7 Rxd7 40. Qxd7 Qxe3+ 41. Kg2 Rf8 42. Qe7 Qf3+ 43. Kh3 Qf5+ 44. Kg2 h6 45. Qxc5 Rd8 46. Rf1 Qe4+ 47. Kh3 a6 48. Qf2 ({White should play} 48. Rf8+ $15 Rxf8 49. Qxf8+ Kh7 50. Qf1) 48... Qxa4 49. Qe2 Qd7+ 50. Kg2 Qd5+ 51. Kh3 a5 52. Rf5 Re8 53. Qh5 Qe6 54. g4 $2 (54. Qg4) 54... Kh7 (54... e4 $142 55. Rf1 e3) 55. Rf7 (55. Qf7 $142) 55... e4 56. Ra7 e3 57. Qxa5 e2 58. Qc7 Qe3+ 59. Kg2 Qxa7 0-1

[Event "29th CRO-chT Junior 2020"]
[Site "Cakovec"]
[Date "2020.07.17"]
[Round "8.20"]
[White "Cecic-Sule, Dino"]
[Black "Dankos, Mislav"]
[Result "1-0"]
[ECO "D02"]
[WhiteElo "1695"]
[BlackElo "1274"]
[Annotator "NA RC"]
[PlyCount "69"]
[EventDate "2020.07.14"]
[EventType "team-tourn"]
[EventCountry "CRO"]
[SourceTitle "playchess.com"]
[Source "ChessBase"]
[SourceQuality "1"]
[TimeControl "5400+30"]

1. d4 d5 2. Nf3 Nf6 3. Bf4 Bf5 4. e3 Nc6 5. c3 Nh5 6. Qb3 Rb8 7. Nbd2 Nxf4 8. exf4 f6 9. Nh4 Be6 10. g3 Bf7 11. Nf5 e6 12. Ne3 e5 13. fxe5 fxe5 14. dxe5 Nxe5 15. Qa4+ Nc6 16. Bg2 Qd7 17. O-O b5 18. Qd1 Bc5 19. Re1 O-O 20. Nb3 Bxe3 21. Rxe3 Ne7 22. Qd2 Ng6 23. Rae1 Qd6 24. Qd4 c6 25. f4 a5 26. f5 Nh8 27. Nc5 Rfe8 28. Ne6 Bxe6 29. Rxe6 Qd7 30. Qe5 Kf8 31. f6 Kf7 32. Qh5+ Ng6 33. Re7+ Kxf6 34. Rxd7 Rxe1+ 35. Kf2 1-0

[Event "29th CRO-chT Junior 2020"]
[Site "Cakovec"]
[Date "2020.07.18"]
[Round "9.4"]
[White "Dankos, Mislav"]
[Black "Novosel, Lovro"]
[Result "0-1"]
[ECO "A48"]
[WhiteElo "1274"]
[BlackElo "1719"]
[Annotator "NA RC"]
[PlyCount "75"]
[EventDate "2020.07.14"]
[EventType "team-tourn"]
[EventCountry "CRO"]
[SourceTitle "playchess.com"]
[Source "ChessBase"]
[SourceQuality "1"]
[TimeControl "5400+30"]

1. d4 Nf6 2. Nf3 g6 3. Bf4 Bg7 4. e3 O-O 5. Bd3 d6 6. h3 c5 7. c3 b6 8. O-O Bb7 9. Nbd2 Nbd7 10. Rc1 Re8 11. Bh2 e5 12. dxe5 dxe5 13. e4 Nh5 14. Nc4 Qc7 15. Qc2 b5 16. Ne3 c4 17. Be2 Nf4 18. Bxf4 exf4 19. Nd5 Bxd5 20. exd5 Nb6 21. Rfd1 Rad8 22. Nd4 Bxd4 23. Rxd4 Rxd5 24. Rcd1 Qe5 25. Bf3 Rxd4 26. Rxd4 Qf6 27. Qd2 Re6 28. Rxf4 Qe7 29. g3 Na4 30. Rd4 Nc5 31. Rd8+ Kg7 32. Qd4+ Qf6 33. Qxf6+ Rxf6 34. Rd5 Nd3 35. Kg2 Ne1+ 36. Kg1 Nd3 37. Be4 Nxf2 38. Bf3 0-1

[Event "29th CRO-chT Junior 2020"]
[Site "Cakovec"]
[Date "2020.07.18"]
[Round "9.5"]
[White "Levacic, Matej"]
[Black "Damjanovic, Stjepan"]
[Result "1-0"]
[ECO "E10"]
[WhiteElo "2040"]
[BlackElo "1867"]
[Annotator "NA"]
[PlyCount "105"]
[EventDate "2020.07.14"]
[EventType "team-tourn"]
[EventCountry "CRO"]
[SourceTitle "playchess.com"]
[Source "ChessBase"]
[SourceQuality "1"]
[TimeControl "5400+30"]

1. d4 Nf6 2. c4 e6 3. Nf3 c5 4. d5 d6 5. Nc3 e5 6. e4 Be7 7. g3 O-O 8. Bg2 Ne8 {[%emt 0:02:30] E10: Blumenfeld Gambit.} 9. O-O f5 {[%emt 0:00:30] [#]} 10. Ne1 $146 ({Predecessor:} 10. exf5 Bxf5 11. Be3 Qd7 12. Nd2 Na6 13. a3 Nec7 14. Nde4 b5 15. b3 bxc4 16. bxc4 {1-0 (43) Almeida Quintana,O (2593)-Medina Colindres,J (2226) Mexico City 2010}) 10... f4 11. gxf4 exf4 12. Nd3 Bg5 (12... g5 $14) 13. e5 dxe5 14. Nxe5 Qf6 15. Re1 Nd6 16. Nf3 Bg4 17. Ne4 (17. h3 $14 Bxf3 18. Bxf3 (18. Qxf3 Nxc4 19. Ne4 Qe5 $16)) 17... Nxe4 18. Rxe4 Nd7 19. Qb3 Qg6 20. Re1 Bh6 21. h3 Bh5 22. Re6 Rf6 23. Re7 Rb6 24. Qc3 Nf6 25. Ne5 Qf5 ({Black should play} 25... Qg5 $11 26. Nf3 Nxd5 {[%mdl 64] Double Attack} 27. Nxg5 Nxc3) 26. Qd3 Qg5 27. Nf3 $1 Bxf3 $1 28. Qxf3 Rf8 29. b3 (29. Bd2 $14) 29... Ng4 $11 30. Re6 Ne5 31. Qe4 Rxe6 32. dxe6 Re8 33. h4 Qh5 34. Bxf4 Rxe6 35. Qd5 Qf5 36. Bxh6 gxh6 37. Qxe6+ Qxe6 38. Bd5 Nf3+ 39. Kh1 Qxd5 40. cxd5 Kf7 41. h5 Ke7 42. Kg2 Nd4 43. Re1+ Kd6 44. Re8 Kxd5 45. Re7 Ne6 46. Rxb7 Nf4+ 47. Kf3 Nxh5 48. Rxa7 Nf6 49. Rf7 Ne8 50. Rxh7 c4 51. Rxh6 cxb3 52. axb3 Nc7 53. Ke3 1-0

[Event "29th CRO-chT Junior 2020"]
[Site "Cakovec"]
[Date "2020.07.18"]
[Round "9.6"]
[White "Juric, Ester"]
[Black "Ljubicic, Mario"]
[Result "1/2-1/2"]
[ECO "E90"]
[WhiteElo "1663"]
[BlackElo "1966"]
[Annotator "NA"]
[PlyCount "71"]
[EventDate "2020.07.14"]
[EventType "team-tourn"]
[EventCountry "CRO"]
[SourceTitle "playchess.com"]
[Source "ChessBase"]
[SourceQuality "1"]
[TimeControl "5400+30"]

1. d4 Nf6 2. c4 g6 3. Nc3 Bg7 4. e4 d6 5. h3 O-O 6. Be3 Na6 7. Nf3 c6 {[%emt 0:00:30] E90: King's Indian: Classical: Early deviations and 6 h3.} 8. Be2 {[%emt 0:01:30] 8.Rc1 is the fancy move.} e5 9. d5 Nh5 10. g3 f5 (10... cxd5 $11 11. cxd5 (11. Nxd5 Nf6 $11) (11. exd5 Bd7 $11) 11... f5) 11. exf5 gxf5 12. Nxe5 Nxg3 {[%emt 0:10:00] [#]} 13. fxg3 $146 ({Predecessor:} 13. Nxc6 Qe8 14. Rg1 bxc6 15. Rxg3 f4 16. Rxg7+ Kxg7 17. Bd4+ Kg8 18. Kd2 Bf5 19. dxc6 Nc5 20. Bf3 Qg6 21. Bd5+ Be6 22. Qf3 Rab8 23. Ne2 Rf5 {½-½ (23) Frank,T (1899)-Bogner,S (2610) London 2018}) 13... Bxe5 14. Rg1 Qf6 15. Qb3 (15. Qd2 $14) 15... Bd4 16. Bxd4 Qxd4 17. Rg2 Re8 18. Qd1 Nb4 19. Qxd4 Nc2+ 20. Kd2 Nxd4 21. Bh5 Re5 22. Re1 Bd7 23. Ne2 Rae8 24. Nxd4 Rxe1 25. Bxe8 Rxe8 26. dxc6 bxc6 27. Re2 Rxe2+ 28. Kxe2 Kf7 29. Ke3 a6 30. b4 $16 Kf6 31. Kf4 c5 32. bxc5 dxc5 33. Nb3 Be6 34. Nxc5 Bxc4 35. a3 Bb5 36. g4 1/2-1/2

[Event "29th CRO-chT Junior 2020"]
[Site "Cakovec"]
[Date "2020.07.18"]
[Round "9.7"]
[White "Bedic, Noemi"]
[Black "Mandaric, Fran"]
[Result "0-1"]
[ECO "B23"]
[WhiteElo "1712"]
[BlackElo "1671"]
[Annotator "NA"]
[PlyCount "66"]
[EventDate "2020.07.14"]
[EventType "team-tourn"]
[EventCountry "CRO"]
[SourceTitle "playchess.com"]
[Source "ChessBase"]
[SourceQuality "1"]
[TimeControl "5400+30"]

1. e4 c5 2. Nc3 Nc6 3. f4 g6 4. Nf3 Bg7 5. Bb5 Nd4 6. Bc4 e6 7. O-O Ne7 8. e5 Nef5 9. Ne4 d5 10. exd6 Nxd6 11. Nxd6+ Qxd6 12. c3 Nxf3+ 13. Qxf3 O-O 14. Kh1 Rb8 15. a4 b6 16. Rd1 Bb7 17. Qf2 Rbd8 18. a5 e5 19. fxe5 Bxe5 20. axb6 axb6 21. d4 cxd4 22. Bh6 Bg7 23. Bxg7 Kxg7 24. Rxd4 Qc5 25. b4 Qc7 26. Rf4 Rd6 27. Rd4 Rfd8 28. Rad1 Rf6 29. Qe2 Rxd4 30. cxd4 Qd7 31. Qe5 Bxg2+ 32. Kg1 Qg4 33. Rd3 Bh3+ 0-1

[Event "29th CRO-chT Junior 2020"]
[Site "Cakovec"]
[Date "2020.07.18"]
[Round "9.8"]
[White "Markovic, Marko"]
[Black "Jaksic, Josip"]
[Result "0-1"]
[ECO "D37"]
[WhiteElo "2232"]
[BlackElo "1616"]
[Annotator "NA"]
[PlyCount "106"]
[EventDate "2020.07.14"]
[EventType "team-tourn"]
[EventCountry "CRO"]
[SourceTitle "playchess.com"]
[Source "ChessBase"]
[SourceQuality "1"]
[TimeControl "5400+30"]

1. d4 Nf6 2. c4 e6 3. Nc3 d5 4. Nf3 Be7 5. Bf4 O-O 6. e3 b6 7. cxd5 Nxd5 {[%emt 0:00:00] 7...Nxd5 is better than 7...exd5.} 8. Bd3 {[%emt 0:00:00] D37: Queen's Gambit Declined: 5 Bf4.} Nxf4 9. exf4 Bb7 10. O-O {[%emt 0:00:30] [#]} Bf6 $146 ({Predecessor:} 10... c5 11. Be4 Bxe4 12. Nxe4 Nc6 13. dxc5 bxc5 14. Qa4 Qb6 15. b3 Rfd8 16. Rad1 Nd4 17. Nxd4 cxd4 {0-1 (71) Florescu,C (2293)-Balakrishnan,P (2498) chess.com INT 2020}) 11. Qe2 Qd6 12. g3 Nc6 13. Rad1 Rfd8 (13... Nxd4 $15 {keeps the upper hand.} 14. Nxd4 Bxd4) 14. h4 $2 (14. Be4 $1 $14) 14... a6 $2 {[%emt 0:12:30] [#]} (14... Nxd4 $17 {stays on course.} 15. Nxd4 Bxd4) 15. Ne4 ({Better is} 15. Be4 $1 $16) 15... Qe7 16. Neg5 (16. Nxf6+ $11 gxf6 17. Bb1) 16... h6 17. Ne4 Nxd4 18. Nxf6+ Qxf6 19. Nxd4 Rxd4 20. Qe3 Rad8 21. Rd2 c5 22. Rfd1 Kh8 23. Bb1 Rxd2 24. Rxd2 Rxd2 25. Qxd2 Qd4 26. Qxd4 cxd4 27. Kf1 f5 28. Ke2 Be4 29. Bd3 b5 {[%emt 0:02:05] [#]} 30. a4 $1 Bc6 $1 31. axb5 axb5 32. b4 Kg8 33. f3 Kf7 34. g4 (34. Bc2 $11) 34... Kf6 35. Kf2 {[%emt 0:01:00] [#]} fxg4 $1 36. fxg4 {[%emt 0:00:00] [#]} e5 (36... g5 $142 $1 37. fxg5+ hxg5) 37. fxe5+ Kxe5 38. Ke2 Kf4 39. Bf5 Bf3+ 40. Kd3 Bxg4 41. Bg6 Bf5+ 42. Bxf5 Kxf5 43. Kxd4 g5 44. hxg5 hxg5 45. Kc5 g4 46. Kxb5 g3 47. Kc6 g2 48. b5 g1=Q 49. b6 Qg3 50. Kb7 Ke6 51. Ka8 Qa3+ 52. Kb8 Kd6 53. b7 Kc6 0-1